 Dungeon Crawl Stone Soup version 0.21-a0-400-g417d9d2 (webtiles) character file.

4383 tof the Cleaver (level 10, 0/90 HPs)
             Began as a Minotaur Monk on Oct 20, 2017.
             Was a High Priest of Elyvilon.
             Slain by a hornet (10 damage)
             ... while paralysed by a hornet
             ... on level 8 of the Dungeon.
             The game lasted 00:16:34 (8835 turns).

tof the Cleaver (Minotaur Monk)                     Turns: 8835, Time: 00:16:35

Health: 0/90       AC: 13    Str: 19    XL:     10   Next: 13%
Magic:  10/13      EV:  2    Int:  7    God:    Elyvilon [*****.]
Gold:   355        SH:  0    Dex: 13    Spells: 9/9 levels left

rFire    . . .     SeeInvis +   a - +0 hand axe
rCold    . . .     Gourm    .   (no shield)
rNeg     . . .     Faith    .   t - +3 chain mail {MR+}
rPois    .         Spirit   .   (helmet restricted)
rElec    .         Reflect  .   (no cloak)
rCorr    .         Harm     .   (no gloves)
MR       +....     Rnd*Rage +   (no boots)
Stlth    ..........             (no amulet)
HPRegen  0.25/turn              e - ring of see invisible
MPRegen  0.13/turn              s - ring of stealth

@: paralysed, lethally poisoned (0 -> -14), slowed, drained
A: retaliatory headbutt, horns 2, berserk 1, blurry vision 1, mutation
resistance 1
a: Lesser Healing, Heal Other, Purification, Greater Healing, Divine Vigour,
Divine Protection, Renounce Religion


You were on level 8 of the Dungeon.
You worshipped Elyvilon.
Elyvilon was extremely pleased with you.
You were not hungry.

You visited 1 branch of the dungeon, and saw 8 of its levels.
You also visited: Ossuary.

You collected 355 gold pieces.

Inventory:

Hand Weapons
 a - a +0 hand axe (weapon)
Armour
 t - a +3 chain mail of magic resistance (worn)
Jewellery
 e - a ring of see invisible (left hand)
 s - a ring of stealth (right hand)
 C - an uncursed ring of magical power {unknown}
Scrolls
 j - 6 scrolls of enchant weapon
 l - 3 scrolls of fear
 o - 2 scrolls of magic mapping
 p - a scroll of blinking
 q - 3 scrolls of teleportation
 w - 4 scrolls of remove curse
 y - 3 scrolls of identify
Potions
 b - 5 potions of flight {unknown}
 c - 5 potions of degeneration {unknown}
 g - a potion of lignification {unknown}
 h - 3 potions of curing
 i - a potion of brilliance {unknown}
 m - 3 potions of heal wounds {unknown}
 n - a potion of might {unknown}
 r - a potion of agility {unknown}
 u - a potion of haste
 v - 2 potions of cancellation {unknown}
 x - 2 potions of resistance {unknown}
 z - a potion of invisibility {unknown}
 A - a potion of magic {unknown}
 B - 2 potions of mutation {unknown}
 E - a potion of berserk rage {unknown}
Comestibles
 d - 2 bread rations
 f - 2 royal jellies
 k - 3 meat rations
 D - 5 chunks of flesh
 F - a fruit


   Skills:
 + Level 8.8(8.4) Fighting
 * Level 11.6(11.1) Axes
 + Level 7.9(7.4) Armour
 - Level 3.2(2.8) Dodging
 - Level 1.5(1.1) Stealth
 + Level 6.2(5.7) Invocations


You had 9 spell levels left.
You didn't know any spells.

Dungeon Overview and Level Annotations

Branches:
Dungeon (8/15)             Temple (0/1) D:5
   Lair: D:8-11

Altars:
Ashenzari
Dithmenos
Elyvilon
Gozag
Hepliaklqana
Nemelex Xobeh
Qazlal
Ru
Trog
Vehumet
Wu Jian
Yredelemnul

Shops:
D:6 (

Annotations:
D:6 Edmund


Innate Abilities, Weirdness & Mutations

You reflexively headbutt those who attack you in melee.
You have a pair of horns on your head.
You tend to lose your temper in combat.
Scrolls take you a little longer to read.
You are somewhat resistant to further mutation.


Message History

You are poisoned.
You feel as though you will be slow longer.
You closely miss the hornet. You headbutt the hornet!
The hornet is heavily wounded.
You feel sick. The hornet closely misses you.
You closely miss the hornet.
The hornet is heavily wounded.
You feel sick. The hornet stings you.
* * * LOW HITPOINT WARNING * * *
You feel as though you will be slow longer.
The hornet stings you.
* * * LOW HITPOINT WARNING * * *
You are lethally poisoned!
You suddenly lose the ability to move!
* * * LOW HITPOINT WARNING * * *
You feel sick.
The hornet stings you but does no damage.
* * * LOW HITPOINT WARNING * * *
You feel sick. The hornet stings you!
You die...

# #.....##.##### #
#.....##.....#
####.....##.###.###
.........>.........
###...##..#.###.###
......#...#.#
#.#...#.....#
#.##.###..############.#
..#....[(......)@.......
#<#..###.####.#y######..
#.#......# #.#)#
#.##.##### #.#.# #....#
..#)# ###### #######)# #
......))# #######<# #)#


You could see a hornet.

Vanquished Creatures
  Grinder (D:4)
  A hippogriff (D:7)
  Sigmund (D:6)
  2 orc warriors
  4 sky beasts
  2 phantoms (D:6)
  A black bear (D:8)
  An ice beast (D:6)
  2 ogres
  3 centaurs
  5 water moccasin zombies (Ossuary)
  2 scorpions
  14 killer bees
  10 wights (D:8)
  2 crimson imps (D:7)
  3 hounds
  A centaur skeleton (D:3)
  2 jellies (D:7)
  3 orc priests
  A bullfrog skeleton (D:7)
  Terence (D:3)
  6 orc wizards
  3 iguanas
  7 worker ants
  A hound zombie (D:3)
  A hound skeleton (D:3)
  2 mummies (Ossuary)
  7 adders
  4 gnolls (D:6)
  2 shadow imps
  An ooze (D:4)
  8 adder zombies (Ossuary)
  2 worms
  2 adder skeletons (D:3)
  2 dart slugs
  3 leopard geckos
  24 orcs
  2 ball pythons
  4 bats
  5 giant cockroaches
  14 goblins
  9 hobgoblins
  6 jackals
  10 kobolds
  7 quokkas
  A ball python skeleton (D:3)
  9 frilled lizards
  7 hobgoblin zombies (Ossuary)
  2 jackal skeletons (D:3)
  A jackal zombie (D:6)
  3 kobold zombies (Ossuary)
  A leopard gecko skeleton (D:3)
  A leopard gecko zombie (D:5)
  6 orc zombies (Ossuary)
  A quokka skeleton (D:3)
  5 rats
231 creatures vanquished.

Notes
Turn   | Place    | Note
-------+----------+-------------------------------------------
     0 | D:1      | tof the Minotaur Monk began the quest for the Orb.
     0 | D:1      | Reached XP level 1. HP: 19/19 MP: 0/0
   170 | D:1      | Reached skill level 4 in Axes
   199 | D:1      | Reached XP level 2. HP: 27/27 MP: 1/1
   239 | D:1      | Reached skill level 1 in Armour
   618 | D:2      | Reached XP level 3. HP: 31/33 MP: 2/2
   900 | D:2      | Found a basalt altar of Yredelemnul.
   958 | D:2      | Found a white marble altar of Elyvilon.
  1213 | D:2      | Became a worshipper of Elyvilon the Healer
  1213 | D:2      | Reached * piety under Elyvilon
  1213 | D:2      | Reached ** piety under Elyvilon
  1272 | D:3      | Reached skill level 5 in Axes
  1272 | D:3      | Reached XP level 4. HP: 41/41 MP: 3/3
  1318 | D:3      | Noticed Terence
  1339 | D:3      | Killed Terence
  1460 | D:3      | Found a stormy altar of Qazlal.
  1462 | D:3      | Noticed a fire elemental
  1463 | D:3      | Noticed an air elemental
  1463 | D:3      | Noticed a water elemental
  1463 | D:3      | Noticed an earth elemental
  1522 | D:3      | Reached skill level 1 in Invocations
  1553 | D:3      | Found a sparkling altar of Nemelex Xobeh.
  1632 | D:3      | Found an ornate altar of the Wu Jian Council.
  1635 | D:3      | Found a hazy altar of Hepliaklqana.
  1638 | D:3      | Found a radiant altar of Vehumet.
  1641 | D:3      | Reached XP level 5. HP: 45/47 MP: 4/4
  1645 | D:3      | Found a shadowy altar of Dithmenos.
  1735 | D:3      | Found a sacrificial altar of Ru.
  1786 | D:3      | Reached *** piety under Elyvilon
  2255 | D:4      | Noticed a sky beast
  2276 | D:4      | Killed a sky beast
  2276 | D:4      | Reached skill level 5 in Fighting
  2276 | D:4      | Reached skill level 6 in Axes
  2276 | D:4      | Reached XP level 6. HP: 49/56 MP: 6/6
  2280 | D:4      | Gained mutation: Scrolls take you a little longer to read. [mutagenic meat]
  2281 | D:4      | Gained mutation: You are somewhat resistant to further mutation. [mutagenic meat]
  2284 | D:4      | Gained mutation: You tend to lose your temper in combat. [mutagenic meat]
  2314 | D:4      | Found a sand-covered staircase.
  2321 | Ossuary  | Entered an ossuary
  2481 | Ossuary  | Reached XP level 7. HP: 45/61 MP: 7/7
  2577 | Ossuary  | Reached skill level 7 in Axes
  3344 | D:4      | Reached **** piety under Elyvilon
  3444 | D:4      | Noticed Grinder
  3459 | D:4      | Killed Grinder
  3459 | D:4      | Reached skill level 8 in Axes
  3585 | D:4      | Reached XP level 8. HP: 38/70 MP: 9/9
  3931 | D:5      | Entered Level 5 of the Dungeon
  3999 | D:5      | Reached skill level 5 in Armour
  4089 | D:5      | Found a staircase to the Ecumenical Temple.
  5093 | D:6      | Found an opulent altar of Gozag.
  5094 | D:6      | Found a shattered altar of Ashenzari.
  5199 | D:6      | Found Ewohef's Weapon Boutique.
  5220 | D:6      | Found a bloodstained altar of Trog.
  5223 | D:6      | Noticed Edmund
  5224 | D:6      | Noticed a two-headed ogre
  5532 | D:6      | Reached skill level 9 in Axes
  5888 | D:6      | Reached ***** piety under Elyvilon
  6474 | D:6      | Noticed Sigmund
  6484 | D:6      | Killed Sigmund
  6484 | D:6      | Reached XP level 9. HP: 56/79 MP: 11/11
  6683 | D:7      | Reached skill level 10 in Axes
  6691 | D:7      | Reached skill level 5 in Invocations
  7641 | D:7      | Found a bloodstained altar of Trog.
  7918 | D:7      | Reached skill level 11 in Axes
  8699 | D:8      | Reached XP level 10. HP: 90/90 MP: 13/13
  8828 | D:8      | HP: 3/90 [poisoned by a hornet]
  8833 | D:8      | Paralysed by a hornet for 3 turns
  8835 | D:8      | Slain by a hornet

Vault maps used:
D:1:      dpeg_arrival_tiny_i
D:2:      kennysheep_the_goblin_king, kennysheep_ying_yang
D:3:      nicolae_overflow_crystal_walls, lemuel_crystal_altar,
          grunt_temple_overflow_open, nicolae_qazlal_style_of_elements,
          serial_undead, serial_undead_c, serial_undead_e, serial_undead_d,
          serial_undead_a, uniq_terence
D:4:      corexii_shack_village, lightli_ossuary_entry_decrepit_ruins,
          uniq_grinder
D:5:      wad_pebble_path, minmay_temple_entry_mist, first_bread
D:6:      lemuel_crystal_altar, gammafunk_temple_overflow_statue, serial_shops,
          shop, uniq_sigmund, uniq_edmund
D:7:      basic_altar
D:8:      grunt_ogre_cave, minmay_misc_feat_alley, minmay_unpleasant_kobolds,
          uniq_erica
Ossuary:  ossuary_tomb_2

Skill      XL: |  1  2  3  4  5  6  7  8  9 |
---------------+----------------------------+-----
Axes           | 4 5 6 8 9 11 | 11.6
Armour         | 1 2 3 4 6 7 |  7.9
Fighting       | 4 5 6 7 8 |  8.8
Invocations    | 1 2 3 4 6 |  6.2
Dodging        | |  3.2
Stealth        | |  1.5

Action                   |  1- 3 |  4- 6 |  7- 9 | 10-12 || total
-------------------------+-------+-------+-------+-------++-------
Melee: Hand axe          |    99 |   170 |   552 |    59 ||   880
       Headbutt          |    14 |    30 |   109 |    18 ||   171
Invok: Greater Healing   |       |       |     1 |     2 ||     3
  Use: Scroll            |       |       |    11 |       ||    11
       Potion            |       |       |     1 |     1 ||     2
 Stab: Sleeping          |     2 |     1 |       |       ||     3
  Eat: Chunk             |     1 |     9 |     3 |       ||    13
       Bread ration      |       |     1 |     4 |       ||     5
Armor: Robe              |     8 |       |       |       ||     8
       Ring mail         |    19 |    27 |       |       ||    46
       Chain mail        |       |    63 |   300 |    27 ||   390
Dodge: Dodged            |    67 |    75 |   214 |    21 ||   377

Table legend:
 A = Spawn XP
 B = Non-spawn XP
 C = Spawn XP percentage of total XP
 D = Spawn monster count
 E = Non-spawn monster count
 F = Spawn count percentage of total count
 G = Total turns spent on level
                    A         B        C        D         E        F      G
               +---------+---------+-------+---------+---------+-------+---------
         Total |       0 |    6262 |   0.0 |       0 |     231 |   0.0 |  8835
               +---------+---------+-------+---------+---------+-------+---------
           D:1 |       0 |      32 |   0.0 |       0 |      18 |   0.0 |   548
           D:2 |       0 |      49 |   0.0 |       0 |      26 |   0.0 |   705
           D:3 |       0 |     233 |   0.0 |       0 |      30 |   0.0 |   949
           D:4 |       0 |     687 |   0.0 |       0 |      16 |   0.0 |  1181
           D:5 |       0 |     537 |   0.0 |       0 |      25 |   0.0 |  1368
           D:6 |       0 |    1098 |   0.0 |       0 |      23 |   0.0 |  1933
           D:7 |       0 |    1959 |   0.0 |       0 |      40 |   0.0 |  1248
           D:8 |       0 |    1173 |   0.0 |       0 |      22 |   0.0 |   355
       Ossuary |       0 |     494 |   0.0 |       0 |      31 |   0.0 |   548
               +---------+---------+-------+---------+---------+-------+---------
